 Dungeon Crawl Stone Soup version 0.29.1-1-gd02db6906a (webtiles) character file.

Game seed: 3851608049390854237

163 hawla the Conjurer (level 5, -1/38 HPs)
             Began as a Draconian Conjurer on Sept 26, 2022.
             Killed by miscasting Iskenderun's Mystic Blast (15 damage)
             ... on level 3 of the Dungeon.
             The game lasted 00:06:17 (2871 turns).

hawla the Conjurer (Draconian Conjurer)             Turns: 2871, Time: 00:06:17

Health: -1/38      AC:  5    Str: 15    XL:     5   Next: 20%
Magic:  0/8        EV: 12    Int: 21    God:
Gold:   128        SH:  0    Dex:  9    Spells: 2/9 levels left

rFire   . . .      SeeInvis .   j - +0 long sword
rCold   . . .      Faith    .   (no shield)
rNeg    . . .      Spirit   .   (body armour unavailable)
rPois   .          Reflect  .   (helmet restricted)
rElec   .          Harm     .   (no cloak)
rCorr   .          Rampage  .   (no gloves)
Will    .....                   (no boots)
Stlth   ++........              (no amulet)
HPRegen 0.12/turn               e - +6 ring of strength
MPRegen 0.11/turn               (no ring)

@: very slightly contaminated
A: AC +5, unfitting armour, cold-blooded
a: no special abilities


You were on level 3 of the Dungeon.
You visited 1 branch of the dungeon, and saw 3 of its levels.

You collected 128 gold pieces.

Inventory:

Hand Weapons
 j - a +0 long sword (weapon)
Missiles
 d - 7 poisoned darts
 i - a boomerang
Jewellery
 e - a +6 ring of strength (left hand)
Scrolls
 b - a scroll of immolation {unknown}
 c - a scroll of amnesia
Potions
 a - a potion of magic
 f - 4 potions of curing
 g - 2 potions of haste
 h - a potion of mutation {unknown}
 k - a potion of brilliance
 l - a potion of heal wounds


   Skills:
 - Level 2.0 Dodging
 - Level 2.1 Stealth
 - Level 2.5 Spellcasting
 * Level 5.8 Conjurations
 * Level 0.8 Translocations


You had 2 spell levels left.
You knew the following spells:

 Your Spells              Type           Power      Damage    Failure   Level
a - Magic Dart            Conj           100%       1d8       1%          1
b - Searing Ray           Conj           54%        2d6       1%          2
c - Iskenderun's Mystic   Conj/Tloc      16%        2d5       34%         4

Your spell library contained the following spells:

 Spells                   Type           Power      Damage    Failure   Level
 Sublimation of Blood     Necr           2%         N/A       22%         2
 Wereblood                Tmut           2%         N/A       22%         2
 Dazzling Flash           Conj/Hex       30%        N/A       12%         3
 Fulminant Prism          Conj/Hex       7%         3d7       38%         4
 Summon Hydra             Summ           1%         N/A       100%        7


Dungeon Overview and Level Annotations

Branches:
Dungeon (3/15)

Altars:

Shops:
D:1 (


Innate Abilities, Weirdness & Mutations

Your plain brown scales are hard. (AC +5)
You cannot fit into any form of body armour.
You are cold-blooded and may be slowed by cold attacks.


Message History

Key pressed, stopping explore.
i - a boomerang
Things that are here:
a +0 short sword; a +0 leather armour An orc comes into view.
It is wielding a +0 hand axe of flaming.
The orc shouts!
An orc comes into view. It is wielding a +0 short sword.
There are monsters nearby!
There are monsters nearby!
Unknown command.
Found a scroll labelled OSCHAT ZOCZIE and a runed falchion.
The orc closely misses you.
You closely miss the orc. The orc misses you.
The orc throws a boomerang.
The boomerang misses you.
The orc hits you with a +0 hand axe of flaming.
The orc burns you.
You hit the orc.
The orc is lightly wounded.
The orc hits you but does no damage.
You closely miss the orc. You tail-slap the orc.
The orc is almost dead.
The orc hits you with a +0 hand axe of flaming.
The orc burns you. The orc hits you but does no damage. The orc misses you.
You barely miss the orc.
The orc is almost dead.
The orc misses you. The orc hits you with a +0 short sword.
Casting: Iskenderun's Mystic Blast (extremely dangerous; 34% risk of failure)
Confirm with . or Enter, or press ? or * to list all spells.
The spell is extremely dangerous to miscast (34% risk of failure)!
Continue anyway?
You miscast Iskenderun's Mystic Blast.
You are very lightly contaminated with residual magic.
You are caught in a violent explosion!
The orc hits you with a +0 hand axe of flaming.
The orc burns you. The orc closely misses you.
Casting: Iskenderun's Mystic Blast (extremely dangerous; 34% risk of failure)
Confirm with . or Enter, or press ? or * to list all spells.
The spell is extremely dangerous to miscast (34% risk of failure)!
Continue anyway?
You miscast Iskenderun's Mystic Blast.
The air around you crackles with energy!
You die...

,,,,,****,,,*,,,,,*,****,* *,
,,,,,* *,,,#)...?#.#,.#,* *,
,***** *,,,#.....#.#..#,********
*********,,,#.....#'#...,,,,,,,,,
,,,,,,,,+,,,+...........,,,,,,,,,
*********,,,*,..........,********
,,*,,,,,,,,,+,,.........,,*,,,,,,
*,*,***,,,,,***#oo...#**,,*,*****
,,,,,,,,<,,,* #@....+,,,,*,*
*,*,*****#######.....###,**,*
*,*,,,,,,...............,,,,*
*,***,,,,..#####.#######,#***
,,,,+,,,,,,* #.......# *.#
*,***,,,,,,###.#..)..# *.#
*,,,,,,,,,........).####.#####***
#######**,####................,,,
.......,,,* ######'##....###***,


You could see 2 orcs.

Vanquished Creatures
  Natasha (thrice) (D:2)
  4 adders (D:2)
  2 dart slugs (D:2)
  2 orcs (D:3)
  7 ball pythons
  5 endoplasms
  2 goblins
  8 hobgoblins
  3 jackals (D:2)
  5 bats
  2 frilled lizards
  2 kobolds
  4 rats
49 creatures vanquished.

Vanquished Creatures (others)
  6 plants (D:2)
6 creatures vanquished.

Grand Total: 55 creatures vanquished

Notes
Turn   | Place    | Note
-------+----------+-------------------------------------------
     0 | D:1      | hawla the Draconian Conjurer began the quest for the Orb.
     0 | D:1      | Reached XP level 1. HP: 14/14 MP: 3/3
   147 | D:1      | Found Enu Dusu's Weapon Emporium.
   354 | D:1      | Reached XP level 2. HP: 20/20 MP: 1/5
   357 | D:1      | Learned a level 2 spell: Searing Ray
   898 | D:2      | Noticed Natasha
   902 | D:2      | Killed Natasha
   903 | D:2      | Reached XP level 3. HP: 26/26 MP: 0/6
  1242 | D:2      | Reached skill level 5 in Conjurations
  1361 | D:2      | Noticed Natasha
  1366 | D:2      | Killed Natasha
  1367 | D:2      | Reached XP level 4. HP: 25/33 MP: 1/7
  1372 | D:2      | Learned a level 4 spell: Iskenderun's Mystic Blast
  1440 | D:2      | Found a faded altar of an unknown god.
  1620 | D:2      | Identified the +0 leather armour of the Griffon {Fly rPois
                  | Will- Int-5}
  2317 | D:2      | Noticed Natasha
  2324 | D:2      | Killed Natasha
  2325 | D:2      | Reached XP level 5. HP: 38/38 MP: 2/8
  2871 | D:3      | Killed by miscasting Iskenderun's Mystic Blast

Illustrated notes

Levels and vault maps discovered:
D:1:      wander_arrival_chamber, layout_loops_cross, serial_shops,
          nicolae_shop_bloodbath_and_beyond
D:2:      minmay_door_path, layout_rooms, nicolae_ecumenical_snake_handling,
          serial_bayou_ford_a, uniq_natasha
D:3:      kennysheep_the_goblin_king, layout_basic, minmay_misc_feat_ornament,
          dreamdust_mushroom_princess

Skill      XL: |  1  2  3 |
---------------+----------+-----
Dodging        | 2 |  2.0
Stealth        | 2 |  2.1
Conjurations   | 5 |  5.8
Spellcasting   | |  2.5
Translocations | |  0.8

Action                   |  1- 3 |  4- 6 || total
-------------------------+-------+-------++-------
Melee: Unarmed           |    10 |     1 ||    11
       Long sword        |       |    35 ||    35
       Tailslap          |       |     2 ||     2
 Cast: Magic Dart        |    27 |     5 ||    32
       Searing Ray       |    11 |    11 ||    22
       Iskenderun's Myst |       |     3 ||     3
  Use: Scroll            |       |     7 ||     7
 Stab: Sleeping          |       |     1 ||     1
Armor: Skin              |     7 |    11 ||    18
Dodge: Dodged            |    10 |    56 ||    66
